 Dungeon Crawl Stone Soup version 0.19-b1-4-gd8a0a2a (webtiles) character file.

380 dohliylev the Covert (level 6, -2/43 HPs)
             Began as a Vampire Enchanter on Oct 30, 2016.
             Killed from afar by an orc wizard (5 damage)
             ... with a puff of frost
             ... on level 4 of the Dungeon.
             The game lasted 00:10:03 (2668 turns).

dohliylev the Covert (Vampire Enchanter)            Turns: 2668, Time: 00:10:04

Health: -2/43      AC:  5    Str:  7    XL:     6   Next: 46%
Magic:  0/9        EV: 13    Int: 17    God:
Gold:   108        SH:  0    Dex: 17    Spells: 3 memorised, 4 levels left

rFire  . . .     SeeInvis +     a - +1 dagger
rCold  . . .     Gourm    .     b - +1 robe
rNeg   + . .     Faith    .     (no shield)
rPois  .         Spirit   .     l - +2 hat
rElec  .         Reflect  .     (no cloak)
rCorr  .         Harm     .     (no gloves)
MR     .....                    (no boots)
Stlth  ++++......               (no amulet)
                                (no ring)
                                (no ring)

@: no status effects
A: fangs 3, see invisible, unbreathing
a: Bat Form


You were on level 4 of the Dungeon.
You were not thirsty.

You visited 1 branch of the dungeon, and saw 4 of its levels.

You collected 108 gold pieces.

Inventory:

Hand Weapons
 a - a +1 dagger (weapon)
Armour
 b - a +1 robe (worn)
 l - a +2 hat (worn)
Scrolls
 e - a scroll of remove curse {unknown}
 f - a scroll of fear {unknown}
 g - 3 scrolls of identify {unknown}
 i - 3 scrolls of random uselessness {unknown}
 m - a scroll of fog {unknown}
 o - a scroll of amnesia {unknown}
 p - a scroll of magic mapping {unknown}
Potions
 d - 4 potions of blood
 h - a potion of flight {unknown}
 j - a potion of magic {unknown}
 k - a potion of brilliance {unknown}
 n - a potion of mutation {unknown}
Books
 c - a book of Maledictions

   Spells                             Type                      Level
   a - Corona                         Hexes                        1
   b - Ensorcelled Hibernation        Hexes/Ice                    2
   c - Confuse                        Hexes                        3
   d - Tukima's Dance                 Hexes                        3
   e - Dazzling Spray                 Conjuration/Hexes            3


   Skills:
 + Level 1.2 Fighting
 + Level 2.9 Short Blades
 + Level 3.1 Dodging
 * Level 8.3 Stealth
 + Level 2.5 Spellcasting
 + Level 5.3 Hexes
 + Level 1.1 Ice Magic


You had 4 spell levels left.
You knew the following spells:

 Your Spells              Type           Power        Failure   Level  Hunger
a - Corona                Hex            ###....      2%          1    #......
b - Ensorcelled Hibernat  Hex/Ice        ##....       10%         2    ##.....
c - Dazzling Spray        Conj/Hex       ##....       21%         3    ###....


Dungeon Overview and Level Annotations

Branches:
Dungeon (4/15)
 Temple: D:4-7

Altars:
Cheibriados
Makhleb


Innate Abilities, Weirdness & Mutations

You have razor-sharp teeth.
You have supernaturally acute eyesight. (SInv)
You can survive without breathing.


Message History

You hit the orc wizard.
The orc wizard is almost dead.
The orc wizard closely misses you. The orc wizard hits you with a dagger.
* * * LOW HITPOINT WARNING * * *
You hit the orc wizard but do no damage.
The orc wizard is almost dead.
The orc wizard hits you with a dagger.
* * * LOW HITPOINT WARNING * * *
Casting: Ensorcelled Hibernation
Confirm with . or Enter, or press ? or * to list all spells.
Aiming: Ensorcelled Hibernation
Press: ? - help, Shift-Dir - straight line, f/p - orc
Aim: an orc, wielding a flail (chance to defeat MR: 62%)
The orc wizard resists with some effort.
The orc wizard is no longer moving quickly.
The orc wizard drinks a potion.
The orc wizard seems to speed up.
The orc wizard closely misses you. The orc wizard casts a spell at you.
The puff of frost hits you!
You die...

..⌠...# .......
..⌠....##
......#####
#.......# #o#
#o# #.###.###
#..<@...#.#
#####.#.#.#
#.#.#.# #.#.#.#
..#.#.# ###.#.#
########.#^##.#
#........#.##.#
#....(.....##.#


You could see an orc wizard (invisible) and an orc.

Vanquished Creatures
  An ogre (D:3)
  A crimson imp (D:3)
  3 orc priests (D:4)
  2 hounds
  4 adders
  2 worms (D:2)
  2 dart slugs (D:1)
  A leopard gecko (D:4)
  4 orcs
  3 giant cockroaches
  5 goblins
  6 hobgoblins
  11 jackals
  5 kobolds
  2 quokkas
  2 bats
  4 frilled lizards
  3 rats
61 creatures vanquished.

Vanquished Creatures (others)
  An orc wizard (D:4)
1 creature vanquished.

Grand Total: 62 creatures vanquished

Notes
Turn   | Place    | Note
-------+----------+-------------------------------------------
     0 | D:1      | dohliylev the Vampire Enchanter began the quest for the Orb.
     0 | D:1      | Reached XP level 1. HP: 13/13 MP: 3/3
   392 | D:1      | Reached XP level 2. HP: 12/20 MP: 5/5
   401 | D:1      | Learned a level 2 spell: Ensorcelled Hibernation
   432 | D:1      | Reached skill level 5 in Hexes
   882 | D:1      | Reached skill level 5 in Stealth
   882 | D:1      | Reached XP level 3. HP: 21/25 MP: 6/6
  1434 | D:2      | Learned a level 3 spell: Dazzling Spray
  1667 | D:3      | Reached skill level 1 in Fighting
  1667 | D:3      | Reached XP level 4. HP: 32/32 MP: 4/7
  1793 | D:3      | Reached skill level 6 in Stealth
  1938 | D:3      | Noticed an ogre
  1941 | D:3      | Killed an ogre
  1941 | D:3      | Reached skill level 7 in Stealth
  1941 | D:3      | Reached XP level 5. HP: 37/37 MP: 8/8
  2048 | D:3      | Found a burning altar of Makhleb.
  2325 | D:4      | Reached XP level 6. HP: 43/43 MP: 9/9
  2434 | D:4      | Reached skill level 8 in Stealth
  2505 | D:4      | Found a snail-covered altar of Cheibriados.
  2636 | D:4      | Reached skill level 1 in Ice Magic
  2665 | D:4      | HP: 2/43 [orc wizard/dagger (3)]
  2668 | D:4      | Killed from afar by an orc wizard

Skill      XL: |  1  2  3  4  5  6 |
---------------+-------------------+-----
Hexes          | 5 |  5.3
Stealth        | 5 7 8 |  8.3
Short Blades   | 2 |  2.9
Fighting       | 1 |  1.2
Dodging        | 3 |  3.1
Ice Magic      | 1 |  1.1
Spellcasting   | |  2.5

Action                   |  1- 3 |  4- 6 || total
-------------------------+-------+-------++-------
Melee: Dagger            |   142 |   122 ||   264
       Bite              |    13 |     5 ||    18
 Cast: Ensorcelled Hiber |     3 |    18 ||    21
       Dazzling Spray    |       |     2 ||     2
 Stab: Sleeping          |    11 |    14 ||    25
       Distracted        |     1 |       ||     1
  Eat: Corpse            |     8 |     3 ||    11
Armor: Robe              |    39 |    37 ||    76
Dodge: Dodged            |    79 |    70 ||   149
